Moose vs Icehogs
Created - March 31, 2022 at 19:43
Goals
|
| Moose |
2 |
2 |
1 |
5 |
| Icehogs |
1 |
2 |
3 |
6 |
|
Shots
|
| Moose |
8 |
8 |
15 |
31 |
| Icehogs |
11 |
10 |
17 |
38 |
|
1st period
1. Icehogs , Craig Cunningham 20 (Curtis Lazar 21, Frederik Gauthier 23) at 12:03
2. Moose , Chase De Leo 6 (Brendan Lemieux 19, Nikolay Goldobin 14) at 14:33 (SH)
3. Moose , Frank Vatrano 23 (Troy Stetcher 51) at 16:08
Penalties :
Max Jones (Man) for Tripping (Minor) at 12:58
2nd period
4. Moose , Brendan Lemieux 18 (Miro Aaltonen 52, Erik Cernak 11) at 1:57
5. Icehogs , Craig Cunningham 21 (Curtis Lazar 22, Frederik Gauthier 24) at 6:02 (PP)
6. Moose , Brendan Lemieux 19 (Sam Reinhart 12, Miro Aaltonen 53) at 10:15 (PP)
7. Icehogs , Mattias Janmark 6 (Petter Granberg 19, Ben Harpur 20) at 15:52
Penalties :
Sam Reinhart (Man) for Hooking (Minor) at 5:04, Mike Reilly (Roc) for Holding (Minor) at 10:07
3rd period
8. Icehogs , Andrew Mangiapane 5 (Tanner Richard 13) at 2:52
9. Moose , Sam Reinhart 14 (Tony DeAngelo 24, Miro Aaltonen 54) at 3:24 (PP)
10. Icehogs , Frederik Gauthier 15 (Craig Cunningham 19, Petter Granberg 20) at 3:40
11. Icehogs , Petter Granberg 8 (Tanner Richard 14, Andrew Mangiapane 11) at 8:36
Penalties :
Craig Cunningham (Roc) for Slashing (Minor) at 3:11, Ben Harpur (Roc) for Hooking (Minor) at 19:39
Goalie Stats
Elvis Merzlikins (Man), 32 saves from 38 shots - (0.842), L, 17-14-6, 59:02 minutes
Joe Cannata (Roc), 15 saves from 16 shots - (0.938), W, 14-16-1, 29:45 minutes
Mackenzie Blackwood (Roc), 11 saves from 15 shots - (0.733), 30:15 minutes
Players Stats for Moose
Player Name G A P +/- PIM S H SB GA TA FO MP PP MP PK MP
------------------------------------------------------------------------------------
Brendan Lemieux 2 1 3 1 0 6 0 0 1 1 1/1 19:26 0:21 0:33
Carl Grundstrom 0 0 0 0 0 1 0 0 0 0 0/0 8:10 0:00 0:00
Chase De Leo 1 0 1 1 0 4 0 0 0 1 1/1 8:31 0:00 0:06
Dominik Kahun 0 0 0 -2 0 0 1 0 0 0 14/22 16:00 0:20 0:00
Erik Cernak 0 1 1 2 0 0 2 3 0 1 0/0 18:11 0:20 1:17
Frank Vatrano 1 0 1 -2 0 3 0 0 1 1 2/9 18:34 0:20 2:24
Ludwig Bystrom 0 0 0 1 0 0 1 1 0 2 0/0 13:36 0:20 1:40
Mathieu Joseph 0 0 0 -1 0 2 1 0 1 0 0/0 14:05 0:00 0:00
Max Jones 0 0 0 0 2 0 0 0 0 0 0/0 8:19 0:00 0:00
Michael McLeod 0 0 0 -1 0 0 0 3 0 0 4/6 14:32 0:00 0:27
Mirco Mueller 0 0 0 -2 0 2 5 2 0 0 0/0 23:38 0:00 1:40
Miro Aaltonen 0 3 3 0 0 1 0 1 3 0 12/20 18:38 0:21 0:00
Nikolay Goldobin 0 1 1 -2 0 0 1 1 1 0 0/0 18:34 0:20 2:24
Rem Pitlick 0 0 0 -1 0 3 0 1 1 0 0/0 14:05 0:00 0:00
Sam Reinhart 1 1 2 0 2 5 5 1 0 0 0/1 18:37 0:21 0:00
Tony DeAngelo 0 1 1 -2 0 2 0 0 1 3 0/0 23:23 0:21 0:00
Troy Stetcher 0 1 1 -2 0 2 1 1 1 1 0/0 21:50 0:21 0:00
Vladislav Gavrikov 0 0 0 -1 0 0 1 1 0 1 0/0 18:52 0:00 1:17
Players Stats for Icehogs
Player Name G A P +/- PIM S H SB GA TA FO MP PP MP PK MP
------------------------------------------------------------------------------------
Andrew Mangiapane 1 1 2 2 0 4 1 0 3 0 0/0 16:36 0:40 0:20
Ben Harpur 0 1 1 3 2 3 0 1 1 0 0/0 27:27 2:31 0:21
Craig Cunningham 2 1 3 0 2 6 2 0 1 0 0/2 21:05 2:17 0:08
Curtis Lazar 0 2 2 0 0 0 0 0 1 3 1/1 20:05 2:17 0:00
Dillon Dube 0 0 0 0 0 0 1 1 0 0 1/3 10:15 0:00 0:00
Frederik Gauthier 1 2 3 0 0 2 2 0 1 0 15/35 20:51 2:17 0:21
Julius Honka 0 0 0 1 0 0 2 0 0 1 0/0 14:39 0:00 0:00
Kevin Fiala 0 0 0 0 0 1 3 1 0 0 0/2 13:31 0:40 0:33
Kurtis Gabriel 0 0 0 0 0 1 2 2 1 0 0/0 10:15 0:00 0:00
Mattias Janmark 1 0 1 0 0 5 0 0 0 0 0/0 10:15 0:00 0:00
Michael Chaput 0 0 0 0 0 0 0 0 0 0 4/6 12:18 0:00 0:00
Mike Amadio 0 0 0 2 0 1 1 1 0 0 0/1 16:29 0:00 0:00
Mike Reilly 0 0 0 -2 2 1 0 0 2 0 0/0 17:24 0:26 0:20
Mikhail Grigorenko 0 0 0 0 0 5 1 0 0 0 0/0 12:18 0:00 0:00
Nick Mattson 0 0 0 -2 0 2 2 0 0 2 0/0 17:25 0:26 0:20
Patrick Sieloff 0 0 0 1 0 0 1 0 0 1 0/0 14:39 0:00 0:00
Petter Granberg 1 2 3 3 0 7 2 3 1 3 0/0 27:28 2:31 0:21
Tanner Richard 0 2 2 2 0 0 2 0 0 0 5/10 16:16 0:40 0:00
3 Stars
1 - Petter Granberg (Roc)
2 - Brendan Lemieux (Man)
3 - Craig Cunningham (Roc)
Power Play
Moose - 2 on 3 Attempt(s) - 66.67%
Icehogs - 1 on 2 Attempt(s) - 50.00%
Penalty Kill
Moose - 1 on 2 Attempt(s) - 50.00%
- Score 1 goal in Penalty Kill
Icehogs - 1 on 3 Attempt(s) - 33.33%
- Score 0 goal in Penalty Kill
Team Stat
Moose - Hits : 18 - Faceoff Wins : 34 - Blocked Shots : 15 - Penalty Minutes : 4
Icehogs - Hits : 22 - Faceoff Wins : 26 - Blocked Shots : 9 - Penalty Minutes : 6
Official
Referees : Beaudry Halkidis and Eric Furlatt
Linesman : Steve Miller and Ryan Daisy
Game Notes
Joe Cannata enters game at 10:15 of 2nd period
Finance
Level 1 -- Attendance: 1668 (83.40%) -- Ticket Income $58,380
Level 2 -- Attendance: 907 (90.70%) -- Ticket Income $13,605
Total Attendance: 2575 (85.83%)
Total Ticket Income: $71,985
Other Income: $3,599
Total Income: $75,584
Moose
5 vs 5 Forward
Center Left Wing Right Wing Time % Phy DF OF
1 Miro Aaltonen Brendan Lemieux Sam Reinhart 35 1 2 2
2 Dominik Kahun Nikolay Goldobin Frank Vatrano 35 1 2 2
3 Michael McLeod Rem Pitlick Mathieu Joseph 20 1 2 2
4 Chase De Leo Max Jones Carl Grundstrom 10 1 2 2
5 vs 5 Defense
Defense Defense Time % Phy DF OF
1 Troy Stetcher Mirco Mueller 40 1 2 2
2 Vladislav Gavrikov Tony DeAngelo 30 1 2 2
3 Ludwig Bystrom Erik Cernak 20 1 2 2
4 Tony DeAngelo Erik Cernak 10 1 2 2
PowerPlay Forward
Center Left Wing Right Wing Time % Phy DF OF
1 Miro Aaltonen Brendan Lemieux Sam Reinhart 60 1 2 2
2 Dominik Kahun Nikolay Goldobin Frank Vatrano 40 1 2 2
PowerPlay Defense
Defense Defense Time % Phy DF OF
1 Troy Stetcher Tony DeAngelo 60 1 2 2
2 Vladislav Gavrikov Ludwig Bystrom 40 1 2 2
Penalty Kill 4 Players Forward
Center Wing Time % Phy DF OF
1 Frank Vatrano Nikolay Goldobin 60 1 2 2
2 Michael McLeod Brendan Lemieux 40 1 2 2
Penalty Kill 4 Players Defense
Defense Defense Time % Phy DF OF
1 Mirco Mueller Ludwig Bystrom 60 1 2 2
2 Vladislav Gavrikov Erik Cernak 40 1 2 2
Penalty Kill - 3 Players Forward
Forward Time % Phy DF OF
1 Frank Vatrano 60 1 2 2
2 Miro Aaltonen 40 1 2 2
Penalty Kill - 3 Players Defense
Defense Defense Time % Phy DF OF
1 Mirco Mueller Ludwig Bystrom 60 1 2 2
2 Vladislav Gavrikov Erik Cernak 40 1 2 2
4 vs 4 Forward
Center Wing Time % Phy DF OF
1 Miro Aaltonen Frank Vatrano 60 1 2 2
2 Dominik Kahun Brendan Lemieux 40 1 2 2
4 vs 4 Defense
Defense Defense Time % Phy DF OF
1 Troy Stetcher Ludwig Bystrom 60 1 2 2
2 Vladislav Gavrikov Tony DeAngelo 40 1 2 2
Last Minutes Offensive
Center Left Wing Right Wing Defense Defense
Miro Aaltonen Brendan Lemieux Sam Reinhart Troy Stetcher Tony DeAngelo
Last Minutes Defensive
Center Left Wing Right Wing Defense Defense
Miro Aaltonen Nikolay Goldobin Frank Vatrano Mirco Mueller Ludwig Bystrom
Goaltenders
Starting : Elvis Merzlikins
Backup : Filip Gustavsson
Extra Forwards
Normal : Michael McLeod, Sam Reinhart, Frank Vatrano - PP : Michael McLeod, Rem Pitlick - PK : Michael McLeod
Extra Defensemen
Normal : Mirco Mueller, Erik Cernak, Vladislav Gavrikov - PP : Vladislav Gavrikov - PK : Ludwig Bystrom, Vladislav Gavrikov
Penalty Shots
Nikolay Goldobin, Miro Aaltonen, Michael McLeod, Frank Vatrano, Rem Pitlick
Scratches
David Kase (Healthy), Iiro Pakarinen (Suspend), Jesse Graham (Healthy), Matthew Benning (Healthy), Mitchell Stephens (Healthy)
Nathan Walker (Sprained Right Finger Injury), Julien Gauthier (Healthy), Josh Mahura (Healthy), Nathan Bastian (Healthy), Tim Gettinger (Healthy)
Joey Daccord (Healthy)
Icehogs
5 vs 5 Forward
Center Left Wing Right Wing Time % Phy DF OF
1 Frederik Gauthier Craig Cunningham Curtis Lazar 40 1 2 2
2 Tanner Richard Andrew Mangiapane Mike Amadio 30 1 2 2
3 Michael Chaput Mikhail Grigorenko Kevin Fiala 20 1 2 2
4 Dillon Dube Mattias Janmark Kurtis Gabriel 10 1 2 2
5 vs 5 Defense
Defense Defense Time % Phy DF OF
1 Petter Granberg Ben Harpur 40 1 2 2
2 Nick Mattson Mike Reilly 30 1 2 2
3 Patrick Sieloff Julius Honka 20 1 2 2
4 Petter Granberg Ben Harpur 10 1 2 2
PowerPlay Forward
Center Left Wing Right Wing Time % Phy DF OF
1 Frederik Gauthier Craig Cunningham Curtis Lazar 60 1 2 2
2 Tanner Richard Andrew Mangiapane Kevin Fiala 40 1 2 2
PowerPlay Defense
Defense Defense Time % Phy DF OF
1 Petter Granberg Ben Harpur 60 1 2 2
2 Nick Mattson Mike Reilly 40 1 2 2
Penalty Kill 4 Players Forward
Center Wing Time % Phy DF OF
1 Frederik Gauthier Craig Cunningham 60 1 2 2
2 Michael Chaput Mike Amadio 40 1 2 2
Penalty Kill 4 Players Defense
Defense Defense Time % Phy DF OF
1 Petter Granberg Ben Harpur 60 1 2 2
2 Nick Mattson Mike Reilly 40 1 2 2
Penalty Kill - 3 Players Forward
Forward Time % Phy DF OF
1 Frederik Gauthier 60 1 2 2
2 Mike Amadio 40 1 2 2
Penalty Kill - 3 Players Defense
Defense Defense Time % Phy DF OF
1 Petter Granberg Ben Harpur 60 1 2 2
2 Nick Mattson Mike Reilly 40 1 2 2
4 vs 4 Forward
Center Wing Time % Phy DF OF
1 Frederik Gauthier Curtis Lazar 60 1 2 2
2 Tanner Richard Mike Amadio 40 1 2 2
4 vs 4 Defense
Defense Defense Time % Phy DF OF
1 Petter Granberg Ben Harpur 60 1 2 2
2 Nick Mattson Mike Reilly 40 1 2 2
Last Minutes Offensive
Center Left Wing Right Wing Defense Defense
Frederik Gauthier Craig Cunningham Mike Amadio Petter Granberg Ben Harpur
Last Minutes Defensive
Center Left Wing Right Wing Defense Defense
Frederik Gauthier Craig Cunningham Mike Amadio Petter Granberg Ben Harpur
Goaltenders
Starting : Mackenzie Blackwood
Backup : Joe Cannata
Extra Forwards
Normal : Tanner Richard, Mikhail Grigorenko, Kevin Fiala - PP : Tanner Richard, Mikhail Grigorenko - PK : Kevin Fiala
Extra Defensemen
Normal : Patrick Sieloff, Julius Honka, Nick Mattson - PP : Patrick Sieloff - PK : Julius Honka, Nick Mattson
Penalty Shots
Frederik Gauthier, Craig Cunningham, Mike Amadio, Michael Chaput, Tanner Richard
Scratches
Calle Andersson (Healthy), Clark Bishop (Healthy), Duncan Siemens (Healthy), JJ. Piccinich (Healthy), Myles Bell (Healthy)
Nick Paul (Healthy), Nikita Scherbak (Healthy), Patrick Russell (Healthy), Ross Johnston (Healthy), Zach Whitecloud (Healthy)
Jeremy Davies (Healthy), Jackson Cates (Healthy), Michael Giugovaz (Healthy), Jack LaFontaine (Healthy)
% Time on Ice - Moose
Lines # - Real PCT - Wanted PCT - Time Play
Normal Forward
1 - 32% - 35% - 17:33
2 - 28% - 35% - 15:40
3 - 25% - 20% - 14:05
4 - 15% - 10% - 8:10
Normal Defense
1 - 40% - 40% - 21:58
2 - 31% - 30% - 16:56
3 - 20% - 20% - 11:07
4 - 10% - 10% - 5:27
PP Forward
1 - 51% - 60% - 0:21
2 - 49% - 40% - 0:20
PP Defense
1 - 51% - 60% - 0:21
2 - 49% - 40% - 0:20
PK Forward
1 - 85% - 60% - 2:30
2 - 15% - 40% - 0:27
PK Defense
1 - 56% - 60% - 1:40
2 - 44% - 40% - 1:17
PK3 Forward
1 - 0% - 60%
2 - 0% - 40%
PK3 Defense
1 - 0% - 60%
2 - 0% - 40%
44 Forward
1 - 0% - 60%
2 - 0% - 40%
44 Defense
1 - 0% - 60%
2 - 0% - 40%
Last Minute Offensive - 0:54
Last Minute Defensive - 0:00
Total
Forward - 60:00
Defense - 60:00
|
% Time on Ice - Icehogs
Lines # - Real PCT - Wanted PCT - Time Play
Normal Forward
1 - 31% - 40% - 17:20
2 - 28% - 30% - 15:36
3 - 22% - 20% - 12:18
4 - 18% - 10% - 10:15
Normal Defense
1 - 37% - 40% - 20:16
2 - 31% - 30% - 17:07
3 - 26% - 20% - 14:39
4 - 6% - 10% - 3:27
PP Forward
1 - 77% - 60% - 2:17
2 - 23% - 40% - 0:40
PP Defense
1 - 85% - 60% - 2:31
2 - 15% - 40% - 0:26
PK Forward
1 - 100% - 60% - 0:41
2 - 0% - 40% - 0:00
PK Defense
1 - 51% - 60% - 0:21
2 - 49% - 40% - 0:20
PK3 Forward
1 - 0% - 60%
2 - 0% - 40%
PK3 Defense
1 - 0% - 60%
2 - 0% - 40%
44 Forward
1 - 0% - 60%
2 - 0% - 40%
44 Defense
1 - 0% - 60%
2 - 0% - 40%
Last Minute Offensive - 0:00
Last Minute Defensive - 0:53
Total
Forward - 60:00
Defense - 60:00
|
Play-by-Play
1st period
0:01 of 1st period - Miro Aaltonen wins face-off versus Frederik Gauthier in neutral zone.
0:26 of 1st period - Troy Stetcher is hit by Tanner Richard and loses puck.
0:34 of 1st period - Slapshot by Nick Mattson.
0:34 of 1st period - Deflect By Andrew Mangiapane.
0:34 of 1st period - Stopped by Elvis Merzlikins with a rebound.
0:36 of 1st period - Snap shot by Andrew Mangiapane.
0:36 of 1st period - Stopped by Elvis Merzlikins with a rebound.
1:12 of 1st period - Snap shot by Chase De Leo.
1:12 of 1st period - Deflect By Julius Honka.
1:12 of 1st period - Stopped by Mackenzie Blackwood with a rebound.
1:28 of 1st period - Julius Honka is hit by Mirco Mueller and loses puck.
2:15 of 1st period - Tony DeAngelo is hit by Julius Honka and loses puck.
2:20 of 1st period - Wrist shot by Kevin Fiala.
2:20 of 1st period - Shot Misses the Net.
2:36 of 1st period - Snap shot by Michael McLeod.
2:36 of 1st period - Shot Misses the Net.
2:56 of 1st period - Mathieu Joseph is hit by Craig Cunningham and loses puck.
3:09 of 1st period - Mike Reilly is hit by Mathieu Joseph and loses puck.
3:25 of 1st period - Snap shot by Mathieu Joseph.
3:25 of 1st period - Deflect By Michael McLeod.
3:25 of 1st period - Shot Misses the Net.
3:25 of 1st period - Puck is out of play.
3:26 of 1st period - Tanner Richard wins face-off versus Miro Aaltonen in Icehogs zone.
3:34 of 1st period - Off-side.
3:35 of 1st period - Miro Aaltonen wins face-off versus Tanner Richard in neutral zone.
4:44 of 1st period - Slapshot by Andrew Mangiapane.
4:44 of 1st period - Shot Blocked by Erik Cernak.
5:00 of 1st period - Wrist shot by Brendan Lemieux.
5:00 of 1st period - Stopped by Mackenzie Blackwood without a rebound.
5:01 of 1st period - Dominik Kahun wins face-off versus Frederik Gauthier in Icehogs zone.
5:10 of 1st period - Snap shot by Frank Vatrano.
5:10 of 1st period - Stopped by Mackenzie Blackwood with a rebound.
5:26 of 1st period - Michael Chaput is hit by Mirco Mueller and loses puck.
5:35 of 1st period - Wrist shot by Mikhail Grigorenko.
5:35 of 1st period - Stopped by Elvis Merzlikins with a rebound.
6:25 of 1st period - Mirco Mueller is hit by Kevin Fiala and loses puck.
7:23 of 1st period - Kevin Fiala is hit by Erik Cernak and loses puck.
8:35 of 1st period - Michael McLeod is hit by Julius Honka and loses puck.
9:04 of 1st period - Wrist shot by Chase De Leo.
9:04 of 1st period - Shot Blocked by Kevin Fiala.
9:35 of 1st period - Mirco Mueller is hit by Dillon Dube and loses puck.
10:06 of 1st period - Ludwig Bystrom is hit by Mikhail Grigorenko.
10:27 of 1st period - Icing by Mike Amadio.
10:28 of 1st period - Miro Aaltonen wins face-off versus Tanner Richard in Icehogs zone.
10:29 of 1st period - Snap shot by Brendan Lemieux.
10:29 of 1st period - Stopped by Mackenzie Blackwood without a rebound.
10:30 of 1st period - Tanner Richard wins face-off versus Miro Aaltonen in Icehogs zone.
10:41 of 1st period - Snap shot by Tanner Richard.
10:41 of 1st period - Shot Misses the Net.
10:47 of 1st period - Patrick Sieloff is hit by Sam Reinhart and loses puck.
11:21 of 1st period - Backhand shot by Tanner Richard.
11:21 of 1st period - Shot Blocked by Vladislav Gavrikov.
11:33 of 1st period - Patrick Sieloff is hit by Sam Reinhart and loses puck.
11:55 of 1st period - Off-side.
11:56 of 1st period - Dominik Kahun wins face-off versus Frederik Gauthier in neutral zone.
12:03 of 1st period - Wrist shot by Craig Cunningham.
12:03 of 1st period - Goal by Craig Cunningham - Moose : 0 - Icehogs : 1.
12:04 of 1st period - Dominik Kahun wins face-off versus Frederik Gauthier in neutral zone.
12:15 of 1st period - Snap shot by Frank Vatrano.
12:15 of 1st period - Shot Blocked by Petter Granberg.
12:31 of 1st period - Troy Stetcher is hit by Kevin Fiala and loses puck.
12:38 of 1st period - Snap shot by Mikhail Grigorenko.
12:38 of 1st period - Shot Misses the Net.
12:56 of 1st period - Snap shot by Nick Mattson.
12:56 of 1st period - Shot Blocked by Mirco Mueller.
12:58 of 1st period - Minor Penalty to Max Jones for Tripping.
12:59 of 1st period - Frank Vatrano wins face-off versus Frederik Gauthier in Moose zone.
13:08 of 1st period - Slapshot by Frederik Gauthier.
13:08 of 1st period - Shot Misses the Net.
13:10 of 1st period - Wrist shot by Petter Granberg.
13:10 of 1st period - Deflect By Frank Vatrano.
13:10 of 1st period - Stopped by Elvis Merzlikins without a rebound.
13:11 of 1st period - Frederik Gauthier wins face-off versus Frank Vatrano in Moose zone.
13:18 of 1st period - Snap shot by Frederik Gauthier.
13:18 of 1st period - Shot Misses the Net.
13:20 of 1st period - Slapshot by Ben Harpur.
13:20 of 1st period - Stopped by Elvis Merzlikins with a rebound.
13:22 of 1st period - Slapshot by Petter Granberg.
13:22 of 1st period - Stopped by Elvis Merzlikins with a rebound.
13:24 of 1st period - Wrist shot by Craig Cunningham.
13:24 of 1st period - Stopped by Elvis Merzlikins with a rebound.
14:33 of 1st period - Snap shot by Chase De Leo.
14:33 of 1st period - Goal by Chase De Leo - Moose : 1 - Icehogs : 1.
14:34 of 1st period - Frederik Gauthier wins face-off versus Frank Vatrano in neutral zone.
14:39 of 1st period - Slapshot by Petter Granberg.
14:39 of 1st period - Stopped by Elvis Merzlikins without a rebound.
14:40 of 1st period - Frederik Gauthier wins face-off versus Frank Vatrano in Moose zone.
14:45 of 1st period - Snap shot by Frederik Gauthier.
14:45 of 1st period - Stopped by Elvis Merzlikins without a rebound.
14:46 of 1st period - Frank Vatrano wins face-off versus Frederik Gauthier in Moose zone.
14:58 of 1st period - Penalty to Max Jones is over, Max Jones is back on ice.
15:17 of 1st period - Slapshot by Miro Aaltonen.
15:17 of 1st period - Shot Misses the Net.
15:21 of 1st period - Slapshot by Miro Aaltonen.
15:21 of 1st period - Shot Misses the Net.
15:23 of 1st period - Slapshot by Ludwig Bystrom.
15:23 of 1st period - Shot Misses the Net.
15:58 of 1st period - Snap shot by Craig Cunningham.
15:58 of 1st period - Stopped by Elvis Merzlikins without a rebound.
15:59 of 1st period - Dominik Kahun wins face-off versus Craig Cunningham in Moose zone.
16:08 of 1st period - Snap shot by Frank Vatrano.
16:08 of 1st period - Goal by Frank Vatrano - Moose : 2 - Icehogs : 1.
16:09 of 1st period - Dominik Kahun wins face-off versus Frederik Gauthier in neutral zone.
16:34 of 1st period - Ben Harpur is hit by Sam Reinhart and loses puck.
16:41 of 1st period - Slapshot by Mike Reilly.
16:41 of 1st period - Shot Blocked by Sam Reinhart.
17:27 of 1st period - Slapshot by Chase De Leo.
17:27 of 1st period - Stopped by Mackenzie Blackwood with a rebound.
17:36 of 1st period - Off-side.
17:37 of 1st period - Dominik Kahun wins face-off versus Mike Amadio in neutral zone.
18:04 of 1st period - Troy Stetcher is hit by Petter Granberg and loses puck.
18:47 of 1st period - Snap shot by Chase De Leo.
18:47 of 1st period - Shot Misses the Net.
19:40 of 1st period - Slapshot by Sam Reinhart.
19:40 of 1st period - Stopped by Mackenzie Blackwood without a rebound.
19:41 of 1st period - Michael McLeod wins face-off versus Tanner Richard in Icehogs zone.
Goals for this period are 2 for Moose vs 1 for Icehogs.
Shots for this period are 8 for Moose vs 11 for Icehogs.
2nd period
0:01 of 2nd period - Dominik Kahun wins face-off versus Frederik Gauthier in neutral zone.
0:14 of 2nd period - Snap shot by Nikolay Goldobin.
0:14 of 2nd period - Shot Misses the Net.
0:16 of 2nd period - Slapshot by Troy Stetcher.
0:16 of 2nd period - Stopped by Mackenzie Blackwood without a rebound.
0:17 of 2nd period - Michael Chaput wins face-off versus Miro Aaltonen in Icehogs zone.
0:24 of 2nd period - Wrist shot by Miro Aaltonen.
0:24 of 2nd period - Shot Misses the Net.
0:50 of 2nd period - Slapshot by Ben Harpur.
0:50 of 2nd period - Stopped by Elvis Merzlikins without a rebound.
0:51 of 2nd period - Miro Aaltonen wins face-off versus Craig Cunningham in Moose zone.
0:55 of 2nd period - Off-side.
0:56 of 2nd period - Miro Aaltonen wins face-off versus Frederik Gauthier in neutral zone.
1:55 of 2nd period - Wrist shot by Miro Aaltonen.
1:55 of 2nd period - Shot Misses the Net.
1:57 of 2nd period - Snap shot by Brendan Lemieux.
1:57 of 2nd period - Goal by Brendan Lemieux - Moose : 3 - Icehogs : 1.
1:58 of 2nd period - Frederik Gauthier wins face-off versus Frank Vatrano in neutral zone.
2:24 of 2nd period - Mirco Mueller is hit by Tanner Richard and loses puck.
2:34 of 2nd period - Snap shot by Rem Pitlick.
2:34 of 2nd period - Stopped by Mackenzie Blackwood with a rebound.
2:52 of 2nd period - Snap shot by Mikhail Grigorenko.
2:52 of 2nd period - Stopped by Elvis Merzlikins with a rebound.
3:08 of 2nd period - Slapshot by Kurtis Gabriel.
3:08 of 2nd period - Stopped by Elvis Merzlikins without a rebound.
3:09 of 2nd period - Dillon Dube wins face-off versus Sam Reinhart in Moose zone.
3:15 of 2nd period - Icing by Troy Stetcher.
3:16 of 2nd period - Frederik Gauthier wins face-off versus Miro Aaltonen in Moose zone.
3:59 of 2nd period - Patrick Sieloff is hit by Troy Stetcher and loses puck.
4:14 of 2nd period - Julius Honka is hit by Vladislav Gavrikov and loses puck.
5:04 of 2nd period - Minor Penalty to Sam Reinhart for Hooking.
5:05 of 2nd period - Frederik Gauthier wins face-off versus Frank Vatrano in Moose zone.
5:17 of 2nd period - Wrist shot by Frederik Gauthier.
5:17 of 2nd period - Deflect By Frank Vatrano.
5:17 of 2nd period - Shot Blocked by Nikolay Goldobin.
5:17 of 2nd period - Puck is out of play.
5:18 of 2nd period - Frederik Gauthier wins face-off versus Frank Vatrano in Moose zone.
5:39 of 2nd period - Curtis Lazar is hit by Ludwig Bystrom and loses puck.
5:56 of 2nd period - Wrist shot by Curtis Lazar.
5:56 of 2nd period - Shot Misses the Net.
5:58 of 2nd period - Wrist shot by Curtis Lazar.
5:58 of 2nd period - Shot Misses the Net.
6:00 of 2nd period - Slapshot by Craig Cunningham.
6:00 of 2nd period - Shot Misses the Net.
6:02 of 2nd period - Snap shot by Craig Cunningham.
6:02 of 2nd period - Goal by Craig Cunningham - Moose : 3 - Icehogs : 2.
6:03 of 2nd period - Miro Aaltonen wins face-off versus Kevin Fiala in neutral zone.
6:09 of 2nd period - Off-side.
6:10 of 2nd period - Miro Aaltonen wins face-off versus Michael Chaput in neutral zone.
6:12 of 2nd period - Off-side.
6:13 of 2nd period - Michael Chaput wins face-off versus Miro Aaltonen in neutral zone.
6:20 of 2nd period - Snap shot by Miro Aaltonen.
6:20 of 2nd period - Shot Misses the Net.
6:22 of 2nd period - Slapshot by Mirco Mueller.
6:22 of 2nd period - Stopped by Mackenzie Blackwood without a rebound.
6:23 of 2nd period - Dominik Kahun wins face-off versus Frederik Gauthier in Icehogs zone.
8:23 of 2nd period - Wrist shot by Mikhail Grigorenko.
8:23 of 2nd period - Shot Misses the Net.
8:45 of 2nd period - Snap shot by Mattias Janmark.
8:45 of 2nd period - Stopped by Elvis Merzlikins without a rebound.
8:46 of 2nd period - Michael McLeod wins face-off versus Dillon Dube in Moose zone.
8:55 of 2nd period - Tony DeAngelo is hit by Kurtis Gabriel and loses puck.
9:08 of 2nd period - Wrist shot by Petter Granberg.
9:08 of 2nd period - Shot Misses the Net.
9:23 of 2nd period - Wrist shot by Tony DeAngelo.
9:23 of 2nd period - Shot Blocked by Petter Granberg.
9:27 of 2nd period - Backhand shot by Rem Pitlick.
9:27 of 2nd period - Stopped by Mackenzie Blackwood with a rebound.
9:33 of 2nd period - Tony DeAngelo is hit by Kurtis Gabriel and loses puck.
9:42 of 2nd period - Backhand shot by Michael McLeod.
9:42 of 2nd period - Shot Blocked by Kurtis Gabriel.
9:44 of 2nd period - Slapshot by Mathieu Joseph.
9:44 of 2nd period - Stopped by Mackenzie Blackwood without a rebound.
9:45 of 2nd period - Frederik Gauthier wins face-off versus Dominik Kahun in Icehogs zone.
10:07 of 2nd period - Minor Penalty to Mike Reilly for Holding.
10:08 of 2nd period - Brendan Lemieux wins face-off versus Frederik Gauthier in Icehogs zone.
10:15 of 2nd period - Snap shot by Brendan Lemieux.
10:15 of 2nd period - Goal by Brendan Lemieux - Moose : 4 - Icehogs : 2.
10:15 of 2nd period - Joe Cannata enters game.
10:16 of 2nd period - Curtis Lazar wins face-off versus Dominik Kahun in neutral zone.
10:19 of 2nd period - Dominik Kahun is hit by Craig Cunningham and loses puck.
10:42 of 2nd period - Mike Amadio is hit by Mirco Mueller and loses puck.
10:47 of 2nd period - Wrist shot by Miro Aaltonen.
10:47 of 2nd period - Shot Misses the Net.
10:49 of 2nd period - Wrist shot by Vladislav Gavrikov.
10:49 of 2nd period - Shot Blocked by Mike Amadio.
10:51 of 2nd period - Slapshot by Miro Aaltonen.
10:51 of 2nd period - Shot Misses the Net.
11:33 of 2nd period - Max Jones is hit by Nick Mattson and loses puck.
11:44 of 2nd period - Max Jones is hit by Nick Mattson and loses puck.
11:51 of 2nd period - Craig Cunningham is hit by Mirco Mueller.
12:33 of 2nd period - Wrist shot by Michael Chaput.
12:33 of 2nd period - Shot Blocked by Ludwig Bystrom.
12:35 of 2nd period - Slapshot by Julius Honka.
12:35 of 2nd period - Shot Blocked by Miro Aaltonen.
12:37 of 2nd period - Snap shot by Kevin Fiala.
12:37 of 2nd period - Shot Blocked by Erik Cernak.
13:22 of 2nd period - Snap shot by Rem Pitlick.
13:22 of 2nd period - Stopped by Joe Cannata with a rebound.
13:38 of 2nd period - Snap shot by Mattias Janmark.
13:38 of 2nd period - Shot Misses the Net.
14:36 of 2nd period - Snap shot by Mattias Janmark.
14:36 of 2nd period - Stopped by Elvis Merzlikins with a rebound.
14:52 of 2nd period - Slapshot by Michael McLeod.
14:52 of 2nd period - Shot Blocked by Petter Granberg.
15:06 of 2nd period - Slapshot by Ben Harpur.
15:06 of 2nd period - Shot Misses the Net.
15:08 of 2nd period - Wrist shot by Dillon Dube.
15:08 of 2nd period - Shot Misses the Net.
15:10 of 2nd period - Slapshot by Petter Granberg.
15:10 of 2nd period - Shot Misses the Net.
15:12 of 2nd period - Wrist shot by Kurtis Gabriel.
15:12 of 2nd period - Shot Misses the Net.
15:14 of 2nd period - Wrist shot by Petter Granberg.
15:14 of 2nd period - Shot Blocked by Michael McLeod.
15:32 of 2nd period - Backhand shot by Petter Granberg.
15:32 of 2nd period - Shot Blocked by Troy Stetcher.
15:34 of 2nd period - Wrist shot by Mattias Janmark.
15:34 of 2nd period - Shot Blocked by Mirco Mueller.
15:36 of 2nd period - Snap shot by Ben Harpur.
15:36 of 2nd period - Deflect By Mattias Janmark.
15:36 of 2nd period - Stopped by Elvis Merzlikins with a rebound.
15:38 of 2nd period - Slapshot by Ben Harpur.
15:38 of 2nd period - Shot Blocked by Michael McLeod.
15:40 of 2nd period - Slapshot by Petter Granberg.
15:40 of 2nd period - Shot Misses the Net.
15:48 of 2nd period - Slapshot by Petter Granberg.
15:48 of 2nd period - Deflect By Mirco Mueller.
15:48 of 2nd period - Stopped by Elvis Merzlikins with a rebound.
15:50 of 2nd period - Slapshot by Petter Granberg.
15:50 of 2nd period - Stopped by Elvis Merzlikins with a rebound.
15:52 of 2nd period - Wrist shot by Mattias Janmark.
15:52 of 2nd period - Goal by Mattias Janmark - Moose : 4 - Icehogs : 3.
15:53 of 2nd period - Dominik Kahun wins face-off versus Frederik Gauthier in neutral zone.
16:18 of 2nd period - Nick Mattson is hit by Sam Reinhart and loses puck.
18:40 of 2nd period - Icing by Curtis Lazar.
18:41 of 2nd period - Chase De Leo wins face-off versus Tanner Richard in Icehogs zone.
19:07 of 2nd period - Mike Amadio is hit by Sam Reinhart and loses puck.
Goals for this period are 2 for Moose vs 2 for Icehogs.
Shots for this period are 8 for Moose vs 10 for Icehogs.
3rd period
0:01 of 3rd period - Dominik Kahun wins face-off versus Frederik Gauthier in neutral zone.
0:27 of 3rd period - Tony DeAngelo is hit by Andrew Mangiapane and loses puck.
0:56 of 3rd period - Slapshot by Tony DeAngelo.
0:56 of 3rd period - Stopped by Joe Cannata without a rebound.
0:57 of 3rd period - Dominik Kahun wins face-off versus Frederik Gauthier in Icehogs zone.
1:00 of 3rd period - Snap shot by Frank Vatrano.
1:00 of 3rd period - Stopped by Joe Cannata with a rebound.
1:46 of 3rd period - Wrist shot by Kevin Fiala.
1:46 of 3rd period - Stopped by Elvis Merzlikins with a rebound.
2:52 of 3rd period - Slapshot by Andrew Mangiapane.
2:52 of 3rd period - Goal by Andrew Mangiapane - Moose : 4 - Icehogs : 4.
2:53 of 3rd period - Frederik Gauthier wins face-off versus Dominik Kahun in neutral zone.
3:00 of 3rd period - Wrist shot by Craig Cunningham.
3:00 of 3rd period - Stopped by Elvis Merzlikins with a rebound.
3:11 of 3rd period - Minor Penalty to Craig Cunningham for Slashing.
3:12 of 3rd period - Miro Aaltonen wins face-off versus Frederik Gauthier in Icehogs zone.
3:14 of 3rd period - Slapshot by Troy Stetcher.
3:14 of 3rd period - Shot Misses the Net.
3:16 of 3rd period - Snap shot by Troy Stetcher.
3:16 of 3rd period - Stopped by Joe Cannata with a rebound.
3:18 of 3rd period - Snap shot by Sam Reinhart.
3:18 of 3rd period - Stopped by Joe Cannata with a rebound.
3:20 of 3rd period - Wrist shot by Sam Reinhart.
3:20 of 3rd period - Deflect By Miro Aaltonen.
3:20 of 3rd period - Stopped by Joe Cannata with a rebound.
3:22 of 3rd period - Slapshot by Tony DeAngelo.
3:22 of 3rd period - Shot Misses the Net.
3:24 of 3rd period - Slapshot by Sam Reinhart.
3:24 of 3rd period - Goal by Sam Reinhart - Moose : 5 - Icehogs : 4.
3:25 of 3rd period - Dominik Kahun wins face-off versus Frederik Gauthier in neutral zone.
3:40 of 3rd period - Slapshot by Frederik Gauthier.
3:40 of 3rd period - Goal by Frederik Gauthier - Moose : 5 - Icehogs : 5.
3:41 of 3rd period - Dominik Kahun wins face-off versus Frederik Gauthier in neutral zone.
4:16 of 3rd period - Snap shot by Chase De Leo.
4:16 of 3rd period - Shot Misses the Net.
4:18 of 3rd period - Slapshot by Troy Stetcher.
4:18 of 3rd period - Shot Blocked by Ben Harpur.
4:28 of 3rd period - Slapshot by Ben Harpur.
4:28 of 3rd period - Deflect By Troy Stetcher.
4:28 of 3rd period - Stopped by Elvis Merzlikins with a rebound.
4:30 of 3rd period - Snap shot by Andrew Mangiapane.
4:30 of 3rd period - Stopped by Elvis Merzlikins without a rebound.
4:31 of 3rd period - Tanner Richard wins face-off versus Miro Aaltonen in Moose zone.
4:46 of 3rd period - Slapshot by Mike Reilly.
4:46 of 3rd period - Stopped by Elvis Merzlikins with a rebound.
5:15 of 3rd period - Snap shot by Mattias Janmark.
5:15 of 3rd period - Deflect By Dominik Kahun.
5:15 of 3rd period - Stopped by Elvis Merzlikins with a rebound.
6:17 of 3rd period - Slapshot by Troy Stetcher.
6:17 of 3rd period - Shot Misses the Net.
6:19 of 3rd period - Slapshot by Mirco Mueller.
6:19 of 3rd period - Shot Misses the Net.
6:21 of 3rd period - Snap shot by Chase De Leo.
6:21 of 3rd period - Stopped by Joe Cannata with a rebound.
6:23 of 3rd period - Snap shot by Carl Grundstrom.
6:23 of 3rd period - Stopped by Joe Cannata with a rebound.
6:39 of 3rd period - Snap shot by Rem Pitlick.
6:39 of 3rd period - Shot Blocked by Kurtis Gabriel.
6:41 of 3rd period - Slapshot by Mathieu Joseph.
6:41 of 3rd period - Deflect By Dillon Dube.
6:41 of 3rd period - Stopped by Joe Cannata without a rebound.
6:42 of 3rd period - Michael McLeod wins face-off versus Dillon Dube in Icehogs zone.
6:43 of 3rd period - Wrist shot by Rem Pitlick.
6:43 of 3rd period - Deflect By Mathieu Joseph.
6:43 of 3rd period - Shot Blocked by Dillon Dube.
6:43 of 3rd period - Puck is out of play.
6:44 of 3rd period - Michael McLeod wins face-off versus Frederik Gauthier in Icehogs zone.
6:56 of 3rd period - Wrist shot by Mathieu Joseph.
6:56 of 3rd period - Shot Misses the Net.
7:14 of 3rd period - Slapshot by Curtis Lazar.
7:14 of 3rd period - Shot Blocked by Michael McLeod.
7:20 of 3rd period - Slapshot by Petter Granberg.
7:20 of 3rd period - Shot Blocked by Rem Pitlick.
7:22 of 3rd period - Snap shot by Petter Granberg.
7:22 of 3rd period - Deflect By Michael McLeod.
7:22 of 3rd period - Stopped by Elvis Merzlikins without a rebound.
7:23 of 3rd period - Tanner Richard wins face-off versus Dominik Kahun in Moose zone.
7:34 of 3rd period - Snap shot by Mike Amadio.
7:34 of 3rd period - Stopped by Elvis Merzlikins with a rebound.
7:36 of 3rd period - Wrist shot by Nick Mattson.
7:36 of 3rd period - Stopped by Elvis Merzlikins with a rebound.
7:49 of 3rd period - Icing by Sam Reinhart.
7:50 of 3rd period - Miro Aaltonen wins face-off versus Michael Chaput in Moose zone.
7:50 of 3rd period - Miro Aaltonen is hit by Kevin Fiala.
8:02 of 3rd period - Snap shot by Brendan Lemieux.
8:02 of 3rd period - Stopped by Joe Cannata with a rebound.
8:11 of 3rd period - Off-side.
8:12 of 3rd period - Frederik Gauthier wins face-off versus Dominik Kahun in neutral zone.
8:28 of 3rd period - Icing by Nikolay Goldobin.
8:29 of 3rd period - Tanner Richard wins face-off versus Dominik Kahun in Moose zone.
8:34 of 3rd period - Snap shot by Tanner Richard.
8:34 of 3rd period - Shot Misses the Net.
8:36 of 3rd period - Slapshot by Petter Granberg.
8:36 of 3rd period - Goal by Petter Granberg - Moose : 5 - Icehogs : 6.
8:37 of 3rd period - Frederik Gauthier wins face-off versus Dominik Kahun in neutral zone.
8:42 of 3rd period - Slapshot by Frederik Gauthier.
8:42 of 3rd period - Deflect By Craig Cunningham.
8:42 of 3rd period - Stopped by Elvis Merzlikins with a rebound.
9:02 of 3rd period - Ben Harpur is hit by Erik Cernak.
9:10 of 3rd period - Backhand shot by Brendan Lemieux.
9:10 of 3rd period - Stopped by Joe Cannata without a rebound.
9:11 of 3rd period - Miro Aaltonen wins face-off versus Frederik Gauthier in Icehogs zone.
9:12 of 3rd period - Slapshot by Sam Reinhart.
9:12 of 3rd period - Stopped by Joe Cannata with a rebound.
9:14 of 3rd period - Slapshot by Mirco Mueller.
9:14 of 3rd period - Stopped by Joe Cannata without a rebound.
9:15 of 3rd period - Miro Aaltonen wins face-off versus Frederik Gauthier in Icehogs zone.
9:26 of 3rd period - Slapshot by Sam Reinhart.
9:26 of 3rd period - Stopped by Joe Cannata without a rebound.
9:27 of 3rd period - Frederik Gauthier wins face-off versus Dominik Kahun in Icehogs zone.
9:38 of 3rd period - Mirco Mueller is hit by Frederik Gauthier and loses puck.
10:17 of 3rd period - Icing by Mathieu Joseph.
10:18 of 3rd period - Michael Chaput wins face-off versus Michael McLeod in Moose zone.
10:43 of 3rd period - Slapshot by Michael McLeod.
10:43 of 3rd period - Shot Misses the Net.
11:11 of 3rd period - Wrist shot by Mikhail Grigorenko.
11:11 of 3rd period - Stopped by Elvis Merzlikins with a rebound.
11:19 of 3rd period - Snap shot by Mikhail Grigorenko.
11:19 of 3rd period - Stopped by Elvis Merzlikins without a rebound.
11:20 of 3rd period - Frederik Gauthier wins face-off versus Frank Vatrano in Moose zone.
11:29 of 3rd period - Snap shot by Craig Cunningham.
11:29 of 3rd period - Shot Misses the Net.
11:57 of 3rd period - Petter Granberg is hit by Mirco Mueller.
12:27 of 3rd period - Ludwig Bystrom is hit by Frederik Gauthier and loses puck.
12:46 of 3rd period - Dominik Kahun is hit by Mike Amadio and loses puck.
13:13 of 3rd period - Wrist shot by Tony DeAngelo.
13:13 of 3rd period - Stopped by Joe Cannata with a rebound.
14:34 of 3rd period - Snap shot by Troy Stetcher.
14:34 of 3rd period - Shot Misses the Net.
14:44 of 3rd period - Snap shot by Troy Stetcher.
14:44 of 3rd period - Deflect By Michael McLeod.
14:44 of 3rd period - Shot Misses the Net.
14:44 of 3rd period - Puck is out of play.
14:45 of 3rd period - Frederik Gauthier wins face-off versus Michael McLeod in Icehogs zone.
16:04 of 3rd period - Wrist shot by Nick Mattson.
16:04 of 3rd period - Stopped by Elvis Merzlikins with a rebound.
16:18 of 3rd period - Wrist shot by Troy Stetcher.
16:18 of 3rd period - Deflect By Sam Reinhart.
16:18 of 3rd period - Shot Hit the Post.
16:18 of 3rd period - Puck is out of play.
16:19 of 3rd period - Michael Chaput wins face-off versus Miro Aaltonen in Icehogs zone.
16:24 of 3rd period - Erik Cernak is hit by Petter Granberg and loses puck.
16:29 of 3rd period - Wrist shot by Mikhail Grigorenko.
16:29 of 3rd period - Shot Blocked by Erik Cernak.
16:31 of 3rd period - Snap shot by Mikhail Grigorenko.
16:31 of 3rd period - Stopped by Elvis Merzlikins without a rebound.
16:32 of 3rd period - Frederik Gauthier wins face-off versus Miro Aaltonen in Moose zone.
16:57 of 3rd period - Tanner Richard is hit by Nikolay Goldobin and loses puck.
17:02 of 3rd period - Slapshot by Dominik Kahun.
17:02 of 3rd period - Shot Misses the Net.
17:43 of 3rd period - Icing by Miro Aaltonen.
17:44 of 3rd period - Miro Aaltonen wins face-off versus Tanner Richard in Moose zone.
17:57 of 3rd period - Troy Stetcher is hit by Patrick Sieloff and loses puck.
18:17 of 3rd period - Kevin Fiala is hit by Dominik Kahun and loses puck.
19:02 of 3rd period - Moose, Elvis Merzlikins is pulled from the net.
19:39 of 3rd period - Minor Penalty to Ben Harpur for Hooking.
19:40 of 3rd period - Dominik Kahun wins face-off versus Kevin Fiala in Icehogs zone.
Goals for this period are 1 for Moose vs 3 for Icehogs.
Shots for this period are 15 for Moose vs 17 for Icehogs.
Output by the SimonT Hockey Simulator (STHS) for Francois Prevost